 Dungeon Crawl Stone Soup version 0.23-a0-644-gb60d84b (webtiles) character file.

3600 Borgoz the Cleaver (level 10, -2/86 HPs)
             Began as a Hill Orc Fighter on Jan 1, 2019.
             Was a Follower of Yredelemnul.
             Impaled on a porcupine's spines (11 damage)
             ... on level 8 of the Dungeon.
             The game lasted 00:16:06 (8630 turns).

Borgoz the Cleaver (Hill Orc Fighter)               Turns: 8630, Time: 00:16:07

Health: -2/86      AC:  9    Str: 20    XL:     10   Next: 10%
Magic:  10/10      EV: 11    Int:  8    God:    Yredelemnul [*.....]
Gold:   339        SH: 11    Dex: 13    Spells: 9/9 levels left

rFire    . . .     SeeInvis .   a - +0 war axe
rCold    . . .     Gourm    .   c - +0 shield
rNeg     . . .     Faith    .   g - +1 ring mail
rPois    .         Spirit   .   K - +1 helmet
rElec    .         Reflect  .   (no cloak)
rCorr    .         Harm     .   (no gloves)
MR       +....                  (no boots)
Stlth    ++........             (no amulet)
HPRegen  0.24/turn              B - ring of stealth
MPRegen  0.12/turn              J - ring of protection from magic

@: no status effects
A: no striking features
a: Animate Remains, Renounce Religion


You were on level 8 of the Dungeon.
You worshipped Yredelemnul.
Yredelemnul was aware of your devotion.
You were hungry.

You visited 2 branches of the dungeon, and saw 9 of its levels.
You also visited: Sewer and Ossuary.

You collected 339 gold pieces.

Inventory:

Hand Weapons
 a - a +0 war axe (weapon)
 b - a +0 blowgun
Missiles
 i - 30 poisoned needles
 z - 10 tomahawks (quivered)
 L - a throwing net
Armour
 c - a +0 shield (worn)
 e - a +0 scale mail
 g - a +1 ring mail (worn)
 K - a +1 helmet (worn)
Jewellery
 B - a ring of stealth (left hand)
 J - a ring of protection from magic (right hand)
Wands
 u - a wand of paralysis (11)
 A - a wand of random effects (15)
 I - a wand of flame (49)
Scrolls
 n - a scroll of fear {unknown}
 o - a scroll of blinking
 p - a scroll of fog
 q - 5 scrolls of amnesia
 x - 3 scrolls of enchant weapon {unknown}
 y - 4 scrolls of remove curse
 C - 3 scrolls of teleportation {unknown}
 E - a scroll of random uselessness
 G - a scroll of noise {unknown}
Potions
 d - a potion of flight
 h - 2 potions of agility
 j - a potion of lignification
 k - 8 potions of curing
 l - a potion of magic
 m - 2 potions of haste
 r - 4 potions of ambrosia
 s - a potion of mutation
 t - a potion of berserk rage
 v - a potion of invisibility
 w - 5 potions of heal wounds
 D - 2 potions of degeneration
 F - a potion of might
Comestibles
 f - 9 rations
 H - 6 chunks of flesh


   Skills:
 + Level 7.1 Fighting
 + Level 12.3 Axes
 + Level 6.8 Armour
 + Level 3.3 Dodging
 + Level 7.3 Shields


You had 9 spell levels left.
You didn't know any spells.
Your spell library was empty.

Dungeon Overview and Level Annotations

Branches:
Dungeon (8/15)             Temple (1/1) D:6
   Lair: D:8-11

Altars:
Ashenzari
Cheibriados
Dithmenos
Elyvilon
Fedhas
Gozag
Hepliaklqana
Kikubaaqudgha
Makhleb
Nemelex Xobeh
Okawaru
Qazlal
Ru
Sif Muna
Trog
Vehumet
Wu Jian
Xom
Yredelemnul
Zin
The Shining One

Shops:
D:6 [


Message History

You are struck by the porcupine's spines.
* * * LOW HITPOINT WARNING * * *
You hit the porcupine.
You feel less invigorated.
You feel less confused.
The quasit bites you but does no damage.
The quasit claws you but does no damage. x2
The porcupine bites you.
* * * LOW HITPOINT WARNING * * *
You block the quasit's attack. x3
You hit the quasit but do no damage.
The quasit is severely wounded.
You hit the porcupine. The quasit barely misses you.
The quasit claws you but does no damage.
You block the quasit's attack. The porcupine closely misses you.
Unknown command.
You hit the quasit.
The quasit is almost dead.
You are struck by the porcupine's spines.
You die...
Your body rises from the dead as a mindless zombie.

#. .. .# .. ###.## ..
.# ... #...#...... .#
.# ....
.#.#.#.#.##.##.##....
....................
#.#.#.#.#.##.#.#....
#.#...#....@5...####
..........r.†...... #
#.#.##.#.......... ..
#†.....#..#.......
#.###......#..#.##..#.
#.<..÷.....#....# .#
##....)<...#.##.# .#
#...####)###.#.# .# #
###..........#.. .#


You could see a porcupine and a quasit.

Vanquished Creatures
  Edmund (D:4)
  Duvessa (D:4)
  A porcupine (D:8)
  An orc warrior (D:7)
  4 ogres
  2 phantoms
  2 centaurs
  Blork the orc (D:4)
  A bullfrog (D:8)
  3 big kobolds
  Dowan (D:4)
  12 scorpions
  A crimson imp (D:5)
  A jelly (D:8)
  A hound (D:8)
  4 human zombies (Ossuary)
  9 orc priests
  3 iguanas
  8 orc wizards
  Jessica (D:3)
  A centaur skeleton (D:6)
  8 worker ants
  A big kobold zombie (Ossuary)
  3 mummies (Ossuary)
  A worker ant zombie (D:5)
  3 gnolls (D:3)
  19 adders
  8 river rats (Sewer)
  5 scorpion zombies (Ossuary)
  A shadow imp (D:7)
  An adder skeleton (D:4)
  2 worms
  2 leopard geckos
  22 orcs
  3 giant cockroaches (D:2)
  6 goblins
  2 hobgoblins (D:2)
  8 jackals
  A quokka (D:7)
  9 ball pythons
  3 bats
  10 frilled lizards
  2 goblin zombies (Ossuary)
  2 hobgoblin zombies (Ossuary)
  23 kobolds
  2 kobold zombies (Ossuary)
  A leopard gecko zombie (D:6)
  4 orc zombies (Ossuary)
  18 rats
229 creatures vanquished.

Vanquished Creatures (others)
  5 fungi (D:8)
  2 plants (D:8)
7 creatures vanquished.

Grand Total: 236 creatures vanquished

Notes
Turn   | Place    | Note
-------+----------+-------------------------------------------
     0 | D:1      | Borgoz the Hill Orc Fighter began the quest for the Orb.
     0 | D:1      | Reached XP level 1. HP: 19/19 MP: 1/1
   197 | D:1      | Reached skill level 3 in Axes
   197 | D:1      | Reached XP level 2. HP: 11/26 MP: 2/2
  1027 | D:2      | Reached XP level 3. HP: 22/33 MP: 3/3
  1172 | D:2      | Reached skill level 4 in Axes
  1172 | D:2      | Reached XP level 4. HP: 37/40 MP: 4/4
  1706 | D:3      | Found a glowing drain.
  1717 | Sewer    | Entered a sewer
  1728 | Sewer    | Reached XP level 5. HP: 46/46 MP: 5/5
  1751 | Sewer    | Noticed a big kobold
  1761 | Sewer    | Killed a big kobold
  1761 | Sewer    | Reached skill level 5 in Axes
  1809 | Sewer    | Reached skill level 1 in Dodging
  1809 | Sewer    | Reached XP level 6. HP: 13/52 MP: 6/6
  2168 | Sewer    | Reached skill level 6 in Axes
  3189 | D:3      | Reached XP level 7. HP: 58/60 MP: 7/7
  3375 | D:3      | Noticed Jessica
  3379 | D:3      | Killed Jessica
  3461 | D:4      | Noticed Duvessa
  3741 | D:4      | Reached skill level 7 in Axes
  3741 | D:4      | Reached skill level 5 in Shields
  3759 | D:4      | Reached skill level 5 in Armour
  3929 | D:4      | Noticed Dowan
  3944 | D:4      | Killed Duvessa
  3944 | D:4      | Reached skill level 5 in Fighting
  3944 | D:4      | Reached skill level 8 in Axes
  3944 | D:4      | Reached XP level 8. HP: 28/68 MP: 8/8
  3946 | D:4      | Killed Dowan
  4441 | D:4      | Noticed Edmund
  4465 | D:4      | Killed Edmund
  4514 | D:4      | Noticed Blork the orc
  4528 | D:4      | Killed Blork the orc
  4692 | D:5      | Entered Level 5 of the Dungeon
  4703 | D:5      | Reached skill level 9 in Axes
  5604 | D:5      | Found a sparkling altar of Nemelex Xobeh.
  6005 | D:6      | Found a sand-covered staircase.
  6011 | Ossuary  | Entered an ossuary
  6179 | Ossuary  | Reached XP level 9. HP: 68/75 MP: 9/9
  6188 | Ossuary  | Reached skill level 10 in Axes
  6722 | D:6      | Found Araenaa's Armour Shop.
  6770 | D:6      | Found a staircase to the Ecumenical Temple.
  6811 | D:6      | Reached skill level 11 in Axes
  6837 | Temple   | Entered the Ecumenical Temple
  7113 | Temple   | Became a worshipper of Yredelemnul the Dark
  8307 | D:7      | Found a bloodstained altar of Trog.
  8307 | D:7      | Found a snail-covered altar of Cheibriados.
  8458 | D:8      | Reached skill level 12 in Axes
  8461 | D:8      | Reached * piety under Yredelemnul
  8567 | D:8      | Reached XP level 10. HP: 86/86 MP: 10/10
  8630 | D:8      | Impaled on a porcupine's spines

Vault maps used:
D:1:      dpeg_arrival_round_c
D:3:      portal_sewer_entry_d, kennysheep_cluttered_room, uniq_jessica
D:4:      uniq_duvessa, uniq_edmund, uniq_blork_the_orc
D:5:      kennysheep_mini_moat, first_ration
D:6:      minmay_temple_entry_glass, enter_ossuary_1, serial_shops,
          nicolae_shop_window_shopping, minmay_stone_trees_small, st_stairs_9
D:7:      gammafunk_temple_overflow_elements
D:8:      due_lair_maze_entry_diamond, serial_shops, nicolae_shop_waterfront
Temple:   hc_temple_tempest_star
Sewer:    sewer_minmay_treatment
Ossuary:  ossuary_minmay_scorpions

Skill      XL: |  1  2  3  4  5  6  7  8  9 |
---------------+----------------------------+-----
Axes           | 3 4 5 6 8 9 12 | 12.3
Armour         | 4 5 6 |  6.8
Fighting       | 4 5 7 |  7.1
Shields        | 4 5 6 7 |  7.3
Dodging        | 1 2 3 |  3.3

Action                   |  1- 3 |  4- 6 |  7- 9 | 10-12 || total
-------------------------+-------+-------+-------+-------++-------
Melee: War axe           |    84 |   178 |   482 |    39 ||   783
  Use: Scroll            |       |     9 |     8 |       ||    17
       Potion            |       |     2 |     4 |     2 ||     8
 Stab: Sleeping          |       |       |     5 |       ||     5
  Eat: Chunk             |     1 |     7 |    14 |       ||    22
       Ration            |       |       |     1 |       ||     1
Armor: Ring mail         |    43 |    55 |   122 |    40 ||   260
Dodge: Dodged            |    19 |    67 |   146 |    61 ||   293
Block: Shield            |    50 |   114 |   230 |    34 ||   428

Table legend:
 A = Non-vault XP
 B = Vault XP
 C = Vault XP percentage of total XP
 D = Non-vault monster count
 E = Vault monster count
 F = Vault count percentage of total count
                 A         B        C        D         E       F
            +---------+---------+-------+---------+---------+-------
      Total |    3038 |    2106 |  40.9 |     139 |      90 |  39.3
            +---------+---------+-------+---------+---------+-------
        D:1 |      20 |       0 |   0.0 |      12 |       0 |   0.0
        D:2 |     117 |       0 |   0.0 |      23 |       0 |   0.0
        D:3 |     178 |      51 |  22.3 |      25 |       2 |   7.4
        D:4 |     593 |     470 |  44.2 |      18 |       4 |  18.2
        D:5 |     451 |       0 |   0.0 |      16 |       0 |   0.0
        D:6 |     341 |      46 |  11.9 |      11 |       2 |  15.4
        D:7 |     940 |       0 |   0.0 |      25 |       0 |   0.0
        D:8 |     398 |     230 |  36.6 |       9 |       2 |  18.2
      Sewer |       0 |     354 | 100.0 |       0 |      48 | 100.0
    Ossuary |       0 |     955 | 100.0 |       0 |      32 | 100.0
            +---------+---------+-------+---------+---------+-------
